 Dungeon Crawl Stone Soup version 0.27.1-3-gb3d3a73c9e (webtiles) character file.

Game seed: 15716584267178240775

3483 Crownlay the Frost Mage (level 10, 0/73 HPs)
             Began as a Gnoll Ice Elementalist on Oct 19, 2021.
             Was a Follower of Uskayaw.
             Slain by Harold (13 damage)
             ... on level 8 of the Dungeon.
             The game lasted 00:15:17 (8187 turns).

Crownlay the Frost Mage (Gnoll Ice Elementalist)    Turns: 8187, Time: 00:15:18

Health: 0/73       AC:  7    Str: 14    XL:     10   Next: 7%
Magic:  0/20       EV: 15    Int: 18    God:    Uskayaw [*.....]
Gold:   501        SH:  0    Dex: 15    Spells: 12/23 levels left

rFire    . . .     SeeInvis .   k - +3 war axe (flame)
rCold    + . .     Faith    .   (no shield)
rNeg     + + .     Spirit   +   t - +2 robe of Ostunler {rPois rF+ rN++ Dex+3}
rPois    +         Reflect  .   b - +0 helmet
rElec    .         Harm     .   (no cloak)
rCorr    .         Rampage  .   p - +1 pair of gloves
Will     .....                  (no boots)
Stlth    +++.......             u - amulet of guardian spirit
HPRegen  0.22/turn              z - +6 ring of strength
MPRegen  0.17/turn              H - ring of ice

@: marked
A: fangs 1, strong nose, distributed training
a: Renounce Religion, Stomp


You were on level 8 of the Dungeon.
You worshipped Uskayaw.
Uskayaw was noncommittal.
You visited 2 branches of the dungeon, and saw 9 of its levels.

You collected 501 gold pieces.

Inventory:

Hand Weapons
 k - a +3 war axe of flaming (weapon)
Missiles
 i - a throwing net
 l - 15 boomerangs
Armour
 b - a +0 helmet (worn)
 p - a +1 pair of gloves (worn)
 t - the +2 robe of Ostunler (worn) {rPois rF+ rN++ Dex+3}
   (You found it on level 4 of the Dungeon)

   Dex:       It affects your dexterity (+3).
   rF:        It protects you from fire.
   rPois:     It protects you from poison.
   rN:        It greatly protects you from negative energy.
Magical Staves
 y - a staff of cold
Jewellery
 u - an amulet of guardian spirit (around neck)
 z - a +6 ring of strength (left hand)
 C - a ring of fire
 H - a ring of ice (right hand)
Wands
 s - a wand of polymorph (3)
 x - a wand of charming (12)
Scrolls
 a - a scroll of identify
 c - a scroll of fear
 e - a scroll of noise {unknown}
 g - 2 scrolls of fog {unknown}
 h - a scroll of magic mapping {unknown}
 m - 2 scrolls of immolation {unknown}
 v - a scroll of silence {unknown}
 w - 3 scrolls of brand weapon
 B - a scroll of teleportation {unknown}
 D - a scroll of holy word {unknown}
 E - a scroll of blinking {unknown}
 G - a scroll of acquirement {unknown}
Potions
 d - 5 potions of lignification {unknown}
 f - 7 potions of curing
 j - 3 potions of mutation {unknown}
 n - 3 potions of degeneration {unknown}
 o - a potion of haste {unknown}
 q - 2 potions of might {unknown}
 r - 4 potions of heal wounds {unknown}
 A - 2 potions of flight {unknown}
 F - a potion of ambrosia


   Skills:
 + Level 4.9 Fighting
 + Level 4.9 Short Blades
 + Level 4.9 Long Blades
 + Level 4.9 Axes
 + Level 4.9 Maces & Flails
 + Level 4.9 Polearms
 + Level 4.9 Staves
 + Level 4.9 Slings
 + Level 4.9 Bows
 + Level 4.9 Crossbows
 + Level 4.9 Throwing
 + Level 4.9 Armour
 + Level 6.8 Dodging
 + Level 6.5 Stealth
 + Level 4.9 Shields
 + Level 4.9 Unarmed Combat
 + Level 7.1 Spellcasting
 + Level 4.0 Conjurations
 + Level 4.0 Hexes
 + Level 4.0 Summonings
 + Level 4.0 Necromancy
 + Level 4.0 Translocations
 + Level 4.0 Transmutations
 + Level 4.0 Fire Magic
 + Level 8.3 Ice Magic
 + Level 4.0 Air Magic
 + Level 4.0 Earth Magic
 + Level 4.0 Poison Magic
 + Level 5.4 Invocations
 + Level 4.9 Evocations


You had 12 spell levels left.
You knew the following spells:

 Your Spells              Type           Power      Damage    Failure   Level
a - Freeze                Ice            100%       1d11      1%          1
b - Frozen Ramparts       Ice            100%       1d12      1%          3
c - Ozocubu's Armour      Ice            53%        N/A       1%          3
d - Hailstorm             Conj/Ice       43%        3d10      9%          4

Your spell library contained the following spells:

 Spells                   Type           Power      Damage    Failure   Level
 Corona                   Hex            23%        N/A       1%          1
 Summon Small Mammal      Summ           84%        N/A       1%          1
 Ensorcelled Hibernation  Hex/Ice        86%        N/A       1%          2
 Call Canine Familiar     Summ           21%        N/A       6%          3
 Summon Guardian Golem    Hex/Summ       21%        N/A       6%          3
 Tukima's Dance           Hex            21%        N/A       6%          3


Dungeon Overview and Level Annotations

Branches:
Dungeon (8/15)             Temple (1/1) D:7
   Lair: D:8-11

Altars:
Ashenzari
Nemelex Xobeh
Qazlal
Ru
Trog
Uskayaw
Xom
Zin

Shops:
D:5 [   D:6 (

Annotations:
D:6 2 transporters, amoeba's ghost, novice MiFi
D:8 Harold


Innate Abilities, Weirdness & Mutations

You have very sharp teeth.
Your uncanny sense of smell can sniff out nearby items.
Your experience applies equally to all skills.


Message History

Casting: Frozen Ramparts (safe; 1% risk of failure)
Press: ? - help, Dir - look around, f - activate An open door.
You feel a surge of power!
The walls around you are covered in ice.
Casting: Frozen Ramparts (safe; 1% risk of failure)
Confirm with . or Enter, or press ? or * to list all spells.
You feel a surge of power! A film of ice covers your body!
Harold fires a harpoon shot at you.
The harpoon shot hits you but does no damage.
Harold throws a throwing net.
The throwing net closely misses you. Harold fires a harpoon shot at you.
The harpoon shot misses you.
Harold says, "Listen, it's nothing personal.
It's just a job."
There are no items here.
Unknown command.
Harold casts a spell at you. A sentinel's mark forms upon you.
The frozen ramparts melt away.
Casting: Ozocubu's Armour (safe; 1% risk of failure)
Confirm with . or Enter, or press ? or * to list all spells.
Okay, then.
Your icy armour will break if you move.
Continue?
Your icy armour cracks and falls away as you move.
Harold points at you and mumbles some strange words.
The mark upon you grows brighter.
You see here 2 throwing nets.
Harold fires a harpoon shot at you. The harpoon shot hits you!
* * * LOW HITPOINT WARNING * * *
You are yanked forward by the harpoon shot.
Casting: Ozocubu's Armour (safe; 1% risk of failure)
Confirm with . or Enter, or press ? or * to list all spells.
Aiming: Freeze (safe; 1% risk of failure)
Press: ? - help, Shift-Dir - straight line, f - Harold
Aim: Harold, wielding a +0 halberd and wearing a +0 chain mail (severely wounded)
You feel a surge of power!
You freeze Harold.
Harold is severely wounded.
Harold hits you with a +0 halberd!
You die...

.....#....#............
.....#....#............
.#####....#.###..###.##
.##.....#######..## .
..#.....# #....# ..
..#.....# +....# ...
###.....#+## ###..#
###+#.... #
###......######@###...@.# #
#.(....+..(.@...††....# #
#......#........#†....# #
#......#........#.....# #
#......#.......(#.....#
#####.(....##########.....#
.^........## ......#
..........# ......#
..........# ......#
..........# ....$..#


You could see Harold.

Vanquished Creatures
  An ugly thing (D:6)
  Grinder (D:4)
  A water moccasin (D:8)
  3 ice beasts
  A black bear (D:6)
  A sky beast (D:8)
  2 necrophages (D:4)
  2 ogres (D:6)
  2 centaurs
  A kobold brigand (D:5)
  A phantom (D:6)
  4 bullfrogs
  2 water moccasin zombies
  4 killer bees (D:8)
  2 bullfrog zombies (D:6)
  4 bullfrog skeletons
  2 centaur zombies
  4 hounds
  4 jellies
  3 orc priests (D:5)
  A centaur skeleton (D:3)
  Ijyb (D:3)
  5 iguanas
  6 orc wizards
  A killer bee zombie (D:6)
  Robin (D:2)
  4 gnolls (D:5)
  5 adders
  A howler monkey skeleton (D:7)
  2 ufetubi (D:5)
  A worm (D:3)
  5 dart slugs
  18 orcs
  4 endoplasms
  3 giant cockroaches
  12 goblins
  13 hobgoblins
  A jackal (D:4)
  24 kobolds
  A quokka (D:4)
  6 ball pythons
  5 bats
  3 frilled lizards
  6 rats
174 creatures vanquished.

Vanquished Creatures (others)
  A water moccasin skeleton (D:5)
1 creature vanquished.

Grand Total: 175 creatures vanquished

Notes
Turn   | Place    | Note
-------+----------+-------------------------------------------
     0 | D:1      | Crownlay the Gnoll Ice Elementalist began the quest for the
                  | Orb.
     0 | D:1      | Reached XP level 1. HP: 13/13 MP: 6/6
   352 | D:1      | Reached XP level 2. HP: 18/19 MP: 7/7
   974 | D:1      | Found a faded altar of an unknown god.
   982 | D:1      | Got Plato's Almanac of the Entourage
  1142 | D:2      | Reached skill level 5 in Spellcasting
  1142 | D:2      | Reached XP level 3. HP: 25/25 MP: 3/9
  1146 | D:2      | Learned a level 3 spell: Frozen Ramparts
  1150 | D:2      | Learned a level 3 spell: Ozocubu's Armour
  1300 | D:2      | Reached skill level 1 in Invocations
  1300 | D:2      | Noticed Robin
  1307 | D:2      | Killed Robin
  1308 | D:2      | Reached skill level 1 in Fighting
  1308 | D:2      | Reached skill level 1 in Short Blades
  1308 | D:2      | Reached skill level 1 in Long Blades
  1308 | D:2      | Reached skill level 1 in Axes
  1308 | D:2      | Reached skill level 1 in Maces & Flails
  1308 | D:2      | Reached skill level 1 in Polearms
  1308 | D:2      | Reached skill level 1 in Staves
  1308 | D:2      | Reached skill level 1 in Slings
  1308 | D:2      | Reached skill level 1 in Bows
  1308 | D:2      | Reached skill level 1 in Crossbows
  1308 | D:2      | Reached skill level 1 in Throwing
  1308 | D:2      | Reached skill level 1 in Armour
  1308 | D:2      | Reached skill level 1 in Shields
  1308 | D:2      | Reached skill level 1 in Unarmed Combat
  1308 | D:2      | Reached skill level 1 in Evocations
  1311 | D:2      | Reached XP level 4. HP: 13/32 MP: 1/11
  1789 | D:2      | Reached skill level 1 in Conjurations
  1789 | D:2      | Reached skill level 1 in Hexes
  1789 | D:2      | Reached skill level 1 in Summonings
  1789 | D:2      | Reached skill level 1 in Necromancy
  1789 | D:2      | Reached skill level 1 in Translocations
  1789 | D:2      | Reached skill level 1 in Transmutations
  1789 | D:2      | Reached skill level 1 in Fire Magic
  1789 | D:2      | Reached skill level 1 in Air Magic
  1789 | D:2      | Reached skill level 1 in Earth Magic
  1789 | D:2      | Reached skill level 1 in Poison Magic
  2204 | D:3      | Reached XP level 5. HP: 35/37 MP: 12/12
  2625 | D:3      | Noticed Ijyb
  2635 | D:3      | Killed Ijyb
  2900 | D:4      | Reached XP level 6. HP: 39/44 MP: 13/13
  2999 | D:4      | Identified the +2 robe of Ostunler {rPois rF+ rN++ Dex+3}
  3226 | D:4      | Noticed a necrophage
  3236 | D:4      | Reached skill level 5 in Dodging
  3242 | D:4      | Killed a necrophage
  3294 | D:4      | Reached XP level 7. HP: 49/50 MP: 5/15
  3835 | D:4      | Noticed Grinder
  3853 | D:4      | Killed Grinder
  3854 | D:4      | Reached skill level 5 in Stealth
  3869 | D:4      | Reached XP level 8. HP: 50/57 MP: 3/16
  4308 | D:5      | Entered Level 5 of the Dungeon
  4569 | D:5      | Learned a level 4 spell: Hailstorm
  4937 | D:5      | Found Futusug's Antique Armour Shop.
  5578 | D:6      | Noticed a hornet
  5584 | D:6      | Noticed amoeba's ghost (novice MiFi)
  5627 | D:6      | Reached XP level 9. HP: 50/65 MP: 13/18
  5862 | D:6      | Found Juxolov's Antique Weapon Shop.
  6453 | D:6      | Noticed a queen bee
  6465 | D:6      | Found a transporter.
  6470 | D:6      | Found a transporter.
  6624 | D:6      | Noticed a brown ugly thing
  6633 | D:6      | Killed a brown ugly thing
  6634 | D:6      | Reached skill level 8 in Ice Magic
  7344 | D:7      | Found a staircase to the Ecumenical Temple.
  7354 | Temple   | Entered the Ecumenical Temple
  7372 | Temple   | Became a worshipper of Uskayaw the Reveller
  7466 | D:7      | Reached skill level 5 in Invocations
  7496 | D:7      | Reached * piety under Uskayaw
  7676 | D:7      | Reached ** piety under Uskayaw
  8080 | D:8      | Noticed Harold
  8084 | D:8      | Reached *** piety under Uskayaw
  8085 | D:8      | Reached **** piety under Uskayaw
  8086 | D:8      | Reached XP level 10. HP: 63/73 MP: 11/20
  8089 | D:8      | Reached ***** piety under Uskayaw
  8100 | D:8      | HP: 3/73 [Harold (16)]
  8187 | D:8      | Slain by Harold

Illustrated notes

Levels and vault maps discovered:
D:1:      grunt_arrival_lava_bath, layout_rooms,
          shapermc_ecumenical_altar_rom_forum
D:2:      minmay_kobold_bridge, layout_rooms, uniq_robin
D:3:      layout_basic, uniq_ijyb
D:4:      layout_cave_pools, serial_rivers, chequers_serial_rivers_micro_b,
          chequers_serial_rivers_large_a, chequers_serial_rivers_micro_b,
          chequers_serial_rivers_micro_e, chequers_serial_rivers_large_b,
          minmay_vboxes, uniq_grinder
D:5:      cheibrodos_thug_alley, layout_loops_ring, serial_shops, shop,
          lemuel_old_faithful
D:6:      layout_cave_pods, serial_shops, nicolae_take_the_stairs,
          gammafunk_ghost_hive
D:7:      layout_basic, minmay_temple_entry_fiery
D:8:      layout_gridville, erik_lair_island, uniq_grum, uniq_harold
Temple:   compressed_dpeg_circular_temple

Skill      XL: |  1  2  3  4  5  6  7  8  9 |
---------------+----------------------------+-----
Spellcasting   | 5 6 7 |  7.1
Invocations    | 1 2 3 4 5 |  5.4
Fighting       | 1 2 3 4 |  4.9
Short Blades   | 1 2 3 4 |  4.9
Long Blades    | 1 2 3 4 |  4.9
Axes           | 1 2 3 4 |  4.9
Maces & Flails | 1 2 3 4 |  4.9
Polearms       | 1 2 3 4 |  4.9
Staves         | 1 2 3 4 |  4.9
Slings         | 1 2 3 4 |  4.9
Bows           | 1 2 3 4 |  4.9
Crossbows      | 1 2 3 4 |  4.9
Throwing       | 1 2 3 4 |  4.9
Armour         | 1 2 3 4 |  4.9
Shields        | 1 2 3 4 |  4.9
Unarmed Combat | 1 2 3 4 |  4.9
Evocations     | 1 2 3 4 |  4.9
Conjurations   | 1 2 3 4 |  4.0
Hexes          | 1 2 3 4 |  4.0
Summonings     | 1 2 3 4 |  4.0
Necromancy     | 1 2 3 4 |  4.0
Translocations | 1 2 3 4 |  4.0
Transmutations | 1 2 3 4 |  4.0
Fire Magic     | 1 2 3 4 |  4.0
Air Magic      | 1 2 3 4 |  4.0
Earth Magic    | 1 2 3 4 |  4.0
Poison Magic   | 1 2 3 4 |  4.0
Dodging        | 5 6 |  6.8
Stealth        | 5 6 |  6.5
Ice Magic      | 8 |  8.3

Action                   |  1- 3 |  4- 6 |  7- 9 | 10-12 || total
-------------------------+-------+-------+-------+-------++-------
Melee: Mace              |    46 |     3 |       |       ||    49
       Bite              |     2 |     6 |    19 |     1 ||    28
       War axe           |       |   132 |   247 |     4 ||   383
       Punch             |       |       |     3 |       ||     3
 Cast: Freeze            |    25 |     2 |       |     1 ||    28
       Frozen Ramparts   |     1 |     5 |    17 |     3 ||    26
       Ozocubu's Armour  |       |     5 |    11 |     3 ||    19
Invok: Stomp             |       |       |       |     1 ||     1
  Use: Scroll            |       |       |     7 |     1 ||     8
 Stab: Distracted        |     1 |       |     1 |       ||     2
       Sleeping          |     1 |     8 |    13 |       ||    22
       Paralysed         |       |       |     2 |       ||     2
Armor: Robe              |     6 |    62 |   118 |     2 ||   188
Dodge: Dodged            |    56 |   136 |   214 |    10 ||   416
